 Dungeon Crawl Stone Soup version 0.29.0-15-g675c0067aa (webtiles) character file.

Game seed: 10900922312129738035

4 qw the Sneak (level 1, -1/14 HPs)
             Began as a Gargoyle Delver on Sept 11, 2022.
             Slain by a quokka (4 damage)
             ... on level 4 of the Dungeon.
             The game lasted 00:00:05 (150 turns).

qw the Sneak (Gargoyle Delver)                       Turns: 150, Time: 00:00:05

Health: -1/14      AC:  5    Str: 15    XL:     1   Next: 60%
Magic:  1/1        EV: 11    Int: 10    God:
Gold:   0          SH:  0    Dex: 11    Spells: 0/0 levels left

rFire   . . .      SeeInvis .   Y - +0 hand axe
rCold   . . .      Faith    .   (no shield)
rNeg    + . .      Spirit   .   b - +0 leather armour
rPois   inf        Reflect  .   (no helmet)
rElec   +          Harm     .   (no cloak)
rCorr   .          Rampage  .   (no gloves)
Will    .....                   (no boots)
Stlth   +++.......              (no amulet)
HPRegen 0.04/turn               (no ring)
MPRegen 0.07/turn               (no ring)

@: no status effects
A: sickness immunity, AC +2, negative energy resistance 1, electricity
resistance, torment resistance 1, petrification resistance
a: no special abilities


You were on level 4 of the Dungeon.
You visited 1 branch of the dungeon, and saw 2 of its levels.


Innate Abilities, Weirdness & Mutations

You are immune to sickness and miasma.
Your stone body is resilient. (AC +2)
You are immune to poison.
You resist negative energy. (rN+)
You are resistant to electric shocks. (rElec)
You are resistant to unholy torment.
You are immune to petrification.


   Skills:
 - Level 3.2 Fighting
 + Level 2.1 Axes
 - Level 1.5 Dodging
 - Level 5.4 Stealth


You couldn't memorise any spells.
You didn't know any spells.
Your spell library was empty.

Inventory:

Hand Weapons
 Y - a +0 hand axe (weapon)
Armour
 b - a +0 leather armour (worn)
Jewellery
 a - a ring of magical power
Wands
 g - a wand of digging (3)
Potions
 f - a potion of haste

Dungeon Overview and Level Annotations

Branches:
Dungeon (5/15)
 Temple: D:4-7

Altars:
Elyvilon
Xom


Message History

2 crimson imps come into view.
A crimson imp is wielding a +1 dagger of chaos.
There is an open door here.
You enter a teleport trap!
The teleport trap disappears.
Your surroundings suddenly seem different.
Splash!
You fall into the shallow water.
Moving in this stuff is going to be slow. 2 quokkas and a goblin come into view.
Found a dented malachite amulet.
Found a white marble altar of Elyvilon.
Enter note:
Found a rapier.
You barely miss the quokka. The quokka closely misses you.
The quokka bites you.
You barely miss the quokka. The quokka barely misses you.
You closely miss the quokka. The quokka barely misses you.
The quokka closely misses you. The goblin barely misses you.
You hit the quokka.
The quokka is lightly wounded.
You hit the goblin.
You kill the goblin!
The quokka barely misses you.
You hit the quokka.
The quokka is severely wounded.
You hit the quokka. The quokka bites you. The quokka closely misses you.
The quokka barely misses you.
You closely miss the quokka.
The quokka is severely wounded.
You hit the quokka but do no damage. The quokka barely misses you.
The quokka bites you but does no damage.
The quokka bites you.
You hit the quokka.
The quokka is almost dead.
You hit the quokka. The quokka bites you.
You die...

#.. ~~~)..
#... .....7
... ....7
#.# 77...77
####..
77.....77
#.....
77.......77
#.....
7.r.~~~...7
#.....
77.@~~~~~..7
#.....
7..)r~_~~...
#.....
77..~~~~~..7
#.....
7...~~~...7
###.##
77.......77
#.....
77.....77
#.....
77...77
#..... ....
#..... .....
#.....


You could see 2 quokkas.

Vanquished Creatures
  2 ball pythons (D:4)
  A hobgoblin (D:4)
  A goblin (D:4)
4 creatures vanquished.

Notes
Turn   | Place    | Note
-------+----------+-------------------------------------------
     0 | D:5      | qw the Gargoyle Delver began the quest for the Orb.
     0 | D:5      | Reached XP level 1. HP: 14/14 MP: 1/1
     0 | D:5      | 0 ||| qw: Version: 0.1-a-118-gb4e7ce6
     0 | D:5      | 0 ||| qw: Game counter: 10282
     0 | D:5      | 0 ||| qw: Always use a shield: true
     0 | D:5      | 0 ||| qw: God list: Okawaru
     0 | D:5      | 0 ||| qw: Allow faded altars: false
     0 | D:5      | 0 ||| qw: Do Orc after D:15 true
     0 | D:5      | 0 ||| qw: Do second Lair branch before Depths: true
     0 | D:5      | 0 ||| qw: Lair rune preference: random
     0 | D:5      | 0 ||| qw: Plans: Normal
     0 | D:5      | 0 ||| PLANNING D:1-11
     5 | D:5      | 5 ||| READING scroll labelled WOANAR QANUU.
     6 | D:5      | 6 ||| DROPPING scroll of fog.
     7 | D:5      | 7 ||| DROPPING scroll of magic mapping.
     8 | D:5      | 8 ||| DROPPING scroll of fear.
    52 | D:4      | 52 ||| Stepping ~*~*~tactically~*~*~ (stealth).
   139 | D:4      | Found a shimmering altar of Xom.
   140 | D:4      | Noticed a crimson imp
   140 | D:4      | Noticed a crimson imp
   141 | D:4      | Noticed a crimson imp
   142 | D:4      | Found a white marble altar of Elyvilon.
   149 | D:4      | HP: 3/14 [quokka (4)]
   150 | D:4      | Slain by a quokka

Levels and vault maps discovered:
D:4:      cheibrodos_fertilizer, layout_basic, elyvilon_altar_3,
          lemuel_tele_altar, kennysheep_mini, led_xom_imps, serial_shops,
          nicolae_shop_behind_doors
D:5:      layout_rooms

Skill      XL: |  1 |
---------------+----+-----
Axes           | 2 |  2.1
Fighting       | |  3.2
Dodging        | |  1.5
Stealth        | |  5.4

Action                   || total
-------------------------++-------
Melee: Hand axe          ||    16
  Use: Scroll            ||     1
Armor: Leather armour    ||     7
Dodge: Dodged            ||    13

Table legend:
 A = Non-vault XP
 B = Vault XP
 C = Vault XP percentage of total XP
 D = Non-vault monster count
 E = Vault monster count
 F = Vault count percentage of total count
                 A         B        C        D         E       F
            +---------+---------+-------+---------+---------+-------
      Total |       6 |       0 |   0.0 |       4 |       0 |   0.0
            +---------+---------+-------+---------+---------+-------
        D:4 |       6 |       0 |   0.0 |       4 |       0 |   0.0
            +---------+---------+-------+---------+---------+-------
